 Dungeon Crawl Stone Soup version 0.30.1-11-g7821555f0a (webtiles) character file.

Game seed: 9642983300645825174

74113 monsoonserge the Lord of Darkness (level 15, -2/100 (105) HPs)
             Began as a Demonspawn Necromancer on Jan 1, 2024.
             Was the Champion of Kikubaaqudgha.
             Killed from afar by a necromancer (29 damage)
             ... with a bolt of negative energy
             ... on level 15 of the Dungeon.
             The game lasted 02:37:21 (21145 turns).

monsoonserge the Lord of Darkness (DsNe)           Turns: 21145, Time: 02:37:23

HP:   -2/100 (105)  AC: 18    Str: 10    XL:     15   Next: 5%
MP:   22/26         EV: 21    Int: 23    God:    Kikubaaqudgha [******]
Gold: 1756          SH:  0    Dex: 10    Spells: 4/29 levels left

rFire   . . .        W - +8 storm bow {elec, penet}
rCold   + + .        (shield currently unavailable)
rNeg    . . .        F - +0 troll leather armour
rPois   .            I - +1 helmet
rElec   .            M - scarf of the Stone Wall {repulsion, rC++}
rCorr   +            d - +1 pair of gloves of the Unseen Realm {rCorr Dex-3 SInv}
SInv    +            m - +0 pair of boots
Will    +....        Z - amulet of magic regeneration
Stlth   ++           S - +4 ring of protection
HPRegen 1.16/turn    P - +4 ring of protection
MPRegen 0.60/turn

%: repel missiles
@: mighty, agile, animating dead, lightly drained
A: repulsion field 2, ignite blood 2, powered by pain 3, weakness stinger 2
a: Renounce Religion, Unearth Wretches, Torment


You were on level 15 of the Dungeon.
You worshipped Kikubaaqudgha.
Kikubaaqudgha was exalted by your worship.
You visited 4 branches of the dungeon, and saw 23 of its levels.
You also visited: Ossuary.

You collected 2268 gold pieces.
You spent 512 gold pieces at shops.

Inventory:

Hand Weapons
 b - a +1 long sword of freezing
 W - the +8 storm bow (weapon) {elec, penet}
   (You found it on level 5 of the Lair of Beasts)
Missiles
 p - 4 curare-tipped darts
 K - 2 throwing nets
 N - 8 atropa-tipped darts
Armour
 d - the +1 pair of gloves of the Unseen Realm (worn) {rCorr Dex-3 SInv}
   (You found it on level 14 of the Dungeon)

   Dex:       It affects your dexterity (-3).
   SInv:      It lets you see invisible.
   rCorr:     It protects you from acid and corrosion.
 e - +0 ice dragon scales
 m - a +0 pair of boots (worn)
 E - a +0 kite shield
 F - a +0 troll leather armour (worn)
 I - a +1 helmet (worn)
 M - the scarf of the Stone Wall (worn) {repulsion, rC++}
   (You bought it in a shop on level 2 of the Orcish Mines)

   rC:        It greatly protects you from cold.
Jewellery
 c - a ring of see invisible
 u - a ring of poison resistance
 w - the ring "Jyositzu" {Ice Int+3}
   (You found it on level 15 of the Dungeon)

   [ring of ice]

   It enhances your ice magic.
   Int:       It affects your intelligence (+3).
   rF:        It makes you vulnerable to fire.
   rC:        It protects you from cold.
 J - a ring of flight
 O - a ring of protection from cold
 P - a +4 ring of protection (right hand)
 S - a +4 ring of protection (left hand)
 Z - an amulet of magic regeneration (around neck)
Wands
 a - a wand of flame (10)
 x - a wand of charming (14)
 X - a wand of polymorph (7)
Scrolls
 g - 3 scrolls of fear
 h - 7 scrolls of enchant weapon
 i - a scroll of brand weapon
 j - 3 scrolls of magic mapping
 k - 2 scrolls of summoning
 s - 6 scrolls of immolation
 y - 5 scrolls of amnesia
 z - 2 scrolls of vulnerability
 B - 2 scrolls of poison
 D - 3 scrolls of blinking
 G - 11 scrolls of teleportation
 L - a scroll of silence
 Q - a scroll of torment
 T - 2 scrolls of fog
 Y - 3 scrolls of enchant armour {unknown}
Potions
 l - 2 potions of magic
 n - a potion of berserk rage
 o - 2 potions of resistance
 q - 5 potions of heal wounds
 r - 4 potions of brilliance
 t - 2 potions of attraction {unknown}
 v - 3 potions of haste
 A - 4 potions of mutation
 C - 4 potions of might
 H - 10 potions of curing
 R - 3 potions of invisibility
 U - a potion of cancellation
 V - 3 potions of lignification
Miscellaneous
 f - a box of beasts


   Skills:
 + Level 6.0 Fighting
 - Level 8.0(9.0) Short Blades
 + Level 6.3(8.2) Long Blades
 * Level 10.2 Ranged Weapons
 + Level 1.6 Throwing
 + Level 5.0 Armour
 + Level 6.7 Dodging
 + Level 3.0 Stealth
 - Level 10.0 Shields
 + Level 7.5 Spellcasting
 * Level 5.3 Hexes
 + Level 13.0 Necromancy
 - Level 4.0 Translocations
 * Level 3.7 Earth Magic
 * Level 1.2 Evocations


You had 4 spell levels left.
You knew the following spells:

 Your Spells              Type           Power      Damage    Failure   Level
a - Necrotise             Necr           100%       1d9       1%          1
b - Vampiric Draining     Necr           62%        2d10      1%          3
c - Sublimation of Blood  Necr           62%        N/A       1%          2
d - Animate Dead          Necr           62%        N/A       1%          4
e - Blink                 Tloc           54%        N/A       2%          2
f - Anguish               Hex/Necr       25%        N/A       2%          4
g - Borgnjor's Vile Clut  Necr/Erth      23%        N/A       9%          5
h - Leda's Liquefaction   Hex/Erth       14%        N/A       16%         4

Your spell library contained the following spells:

 Spells                   Type           Power      Damage    Failure   Level
 Apportation              Tloc           54%        N/A       1%          1
 Kiss of Death            Conj/Necr      100%       2d13      1%          1
 Sandblast                Erth           50%        2d12      1%          1
 Cigotuvi's Dreadful Rot  Necr/Pois/Air  56%        N/A       2%          2
 Lesser Beckoning         Tloc           54%        N/A       2%          2
 Portal Projectile        Hex/Tloc       60%        N/A       4%          3
 Gell's Gravitas          Tloc           27%        N/A       5%          3
 Momentum Strike          Conj/Tloc      36%        3d9       6%          2
 Passwall                 Tmut/Erth      14%        N/A       7%          2
 Shock                    Conj/Air       32%        1d5       10%         1
 Sting                    Tmut/Pois      32%        1d4       10%         1
 Dazzling Flash           Conj/Hex       40%        N/A       10%         3
 Inner Flame              Hex/Fire       20%        N/A       10%         3
 Volatile Blastmotes      Fire/Tloc      36%        2d13      12%         3
 Scorch                   Fire           16%        2d5       14%         2
 Stone Arrow              Conj/Erth      34%        3d9       14%         3
 Call Canine Familiar     Summ           8%         N/A       28%         3
 Ignite Poison            Fire/Tmut/Pois 8%         N/A       28%         3
 Swiftness                Air            8%         N/A       28%         3
 Iskenderun's Mystic Bla  Conj/Tloc      18%        2d6       38%         4
 Petrify                  Tmut/Erth      17%        N/A       41%         4
 Airstrike                Air            4%         2d(1-17)  67%         4
 Flame Wave               Conj/Fire      8%         2d5       67%         4
 Olgreb's Toxic Radiance  Pois           8%         N/A       67%         4
 Agony                    Necr           62%        N/A       1%          5
 Simulacrum               Ice/Necr       19%        N/A       71%         6
 Summon Forest            Summ/Tloc      9%         N/A       75%         5
 Freezing Cloud           Conj/Ice/Air   4%         6-21      95%         5
 Irradiate                Conj/Tmut      4%         3d13      95%         5
 Borgnjor's Revivificati  Necr           31%        N/A       96%         8
 Infestation              Necr           31%        N/A       96%         8
 Haunt                    Necr/Summ      19%        N/A       99%         7
 Conjure Ball Lightning   Conj/Air       4%         3x3d6     100%        6
 Eringya's Noxious Bog    Tmut/Pois      4%         N/A       100%        6
 Starburst                Conj/Fire      4%         6d3       100%        6
 Summon Cactus Giant      Summ           4%         N/A       100%        6
 Dragon Form              Tmut           4%         N/A       100%        7
 Necromutation            Tmut/Necr      19%        N/A       100%        8
 Death's Door             Necr           31%        N/A       100%        9


Dungeon Overview and Level Annotations

Branches:
Dungeon (15/15)            Temple (1/1) D:5            Lair (5/5) D:8
  Swamp (0/4) Lair:2       Spider (0/4) Lair:3        Slime (0/5) Lair:5
    Orc (2/2) D:10            Elf (0/3) Orc:2        Vaults (0/5) D:13
 Depths (0/4) D:15        Ossuary (visited)

Altars:
Ashenzari
Cheibriados
Dithmenos
Fedhas
Gozag
Hepliaklqana
Kikubaaqudgha
Makhleb
Nemelex Xobeh
Okawaru
Qazlal
Ru
Sif Muna
Trog
Uskayaw
Vehumet
Wu Jian
Xom
Yredelemnul
Jiyva

Shops:
D:12 [   Orc:2 ![((

Annotations:
D:7 3 runed translucent doors, BiteMe's ghost, novice DsFE


Innate Abilities, Weirdness & Mutations

You are surrounded by a moderate repulsion field. (EV +3)
Your demonic aura often causes spilled blood to erupt in flames.
You are powered by pain.
You have a tail ending in a sharp stinger.


Message History

Casting: Animate Dead (safe; 1% risk of failure)
Confirm with . or Enter, or press ? or * to list all spells.
Aiming: Vampiric Draining (safe; 1% risk of failure)
Press: ? - help, Shift-Dir - straight line, f - tengu conjurer, p - tengu warrior skeleton
Aim: a tengu conjurer, wearing a +0 leather armour (almost dead, anguished)
You draw life force from the tengu conjurer.
You kill the tengu conjurer!
Kikubaaqudgha accepts your kill.
The battlesphere dissipates.
You feel life coursing into your body.
The dead are flying!
Your tengu warrior zombie closely misses the skeletal warrior.
Your tengu warrior zombie pecks the skeletal warrior.
Your tengu warrior zombie closely misses the skeletal warrior.
The skeletal warrior hits your tengu warrior zombie with a +0 halberd!!
Fire: W) +8 storm bow {elec, penet}
Press: ? - help, Q - select action, (/) - cycle Shift-Dir - straight line, f - tengu warrior skeleton
Aim: a tengu warrior skeleton (moderately damaged, ally target, 71% to hit)
You shoot an arrow.
The arrow pierces through the tengu warrior skeleton!
Lightning courses through the tengu warrior skeleton!!
The tengu warrior skeleton is heavily damaged.
Your tengu warrior zombie completely misses the skeletal warrior.
Your tengu warrior zombie barely misses the skeletal warrior.
Your tengu warrior zombie claws the skeletal warrior but does no damage.
The necromancer casts a spell at you. Kikubaaqudgha shields you from torment!
You feel a surge of unholy energy.
The skeletal warrior hits your tengu warrior zombie with a +0 halberd!!
Fire: W) +8 storm bow {elec, penet}
Press: ? - help, Q - select action, (/) - cycle Shift-Dir - straight line, f - necromancer, p - tengu warrior skeleton
Aim: a necromancer, wielding a +0 dagger and wearing a +0 robe (63% to hit)
You shoot an arrow.
The arrow closely misses the necromancer.
Your tengu conjurer zombie closely misses the tengu warrior skeleton.
Your tengu conjurer zombie pecks the tengu warrior skeleton.
Your tengu conjurer zombie claws the tengu warrior skeleton.
The necromancer gestures at you while chanting.
The bolt of negative energy hits you!!
You feel drained.
You die...
Kikubaaqudgha rasps: "You have failed me!
Welcome... death!"

#.# #.# #...8....>.8P
#.###.# #.#..P...8...
<.....## #.#..........
##.....### #.#....88....
...=(....###.#...P...p.P
##.###.......##......88.
......##.#### #.z.....^
##.#...#.# #####Z#.°....
#.#...#.# #....@[Z....#
#.......# #.#....Z..#.#
###...### #.##.##...#
#...# #.##......# #...#
#.##.##.....
####...#####.#.#.# #.#..
.........!....###.. .#..
.............## #.# .
..............# ##


You could see a skeletal warrior (distracted, ally target), a necromancer, a
tengu warrior skeleton (distracted, ally target), a friendly tengu warrior
zombie and a friendly tengu conjurer zombie.

Vanquished Creatures
  A frost giant (D:13)
  A deep elf annihilator (D:14)
  An ettin (Orc:1)
  4 ogre magi (Orc:2)
  An ice dragon (D:13)
  3 boulder beetles
  4 centaur warriors
  9 two-headed ogres
  2 death yaks (Lair:4)
  A skeletal warrior (D:15)
  A skyshark (Lair:5)
  A harpy (shapeshifter) (D:14)
  A phantasmal warrior (D:15)
  2 orc sorcerers
  An orc knight (Orc:1)
  5 ugly things
  A manticore (D:12)
  2 fire giant zombies (D:15)
  A stone giant zombie (D:15)
  4 cyclopes
  An ice statue (D:13)
  A torpor snail (Lair:3)
  A gargoyle (D:14)
  6 cane toads
  An efreet (D:13)
  A komodo dragon (shapeshifter) (D:15)
  2 rime drakes (Lair:2)
  7 komodo dragons
  A tengu conjurer (D:15)
  3 polar bears (Lair:5)
  2 trolls
  A meliai (D:14)
  3 hornets
  11 spriggans (Lair:5)
  5 wyverns
  32 yaks
  2 water elementals (D:13)
  A wraith (D:12)
  A spriggan (shapeshifter) (D:15)
  A steam dragon (D:7)
  8 vampire mosquitoes
  5 basilisks
  A two-headed ogre zombie (Orc:2)
  A warg (Orc:1)
  Edmund (D:4)
  15 water moccasins
  6 black bears
  2 sky beasts (D:7)
  13 ice beasts
  14 orc warriors
  3 boggarts (Lair:5)
  24 ogres
  14 wolves
  15 centaurs
  3 vampire mosquito zombies
  A phantom (D:5)
  3 kobold brigands
  A komodo dragon zombie (Lair:3)
  16 scorpions
  8 bullfrogs
  4 gnoll sergeants
  A water moccasin zombie (Lair:5)
  2 wyvern zombies (Lair:3)
  2 wights (D:10)
  2 yak zombies
  14 killer bees
  A wolf zombie (Lair:5)
  13 electric eels
  4 howler monkeys
  5 centaur zombies
  2 human zombies (Ossuary)
  A hound (D:5)
  Crazy Yiuf (D:4)
  11 orc priests
  A gnoll bouda (D:5)
  5 jellies
  5 iguanas
  15 orc wizards
  2 scorpion zombies (Ossuary)
  2 ogre zombies (Orc:2)
  2 mummies (Ossuary)
  27 gnolls
  11 adders
  A shadow imp (D:7)
  2 white imps (D:6)
  An ufetubus (D:6)
  3 worms
  2 dart slugs
  48 orcs
  8 endoplasms
  3 giant cockroaches
  3 gnoll zombies (Ossuary)
  8 goblins
  4 hobgoblins
  3 jackals (D:1)
  6 quokkas
  4 ball pythons
  4 bats
  3 frilled lizards
  A goblin zombie (Ossuary)
  A hobgoblin zombie (Ossuary)
  6 kobolds
  A kobold zombie (Ossuary)
  9 orc zombies
  3 rats
540 creatures vanquished.

Vanquished Creatures (collateral kills)
  A hydra (Lair:3)
  A boulder beetle (D:13)
  3 death yaks (Lair:4)
  5 two-headed ogres
  2 deep elf pyromancers
  An orc sorcerer (D:14)
  An ugly thing (D:14)
  A black mamba (Lair:2)
  2 cane toads
  3 komodo dragons
  A troll (D:14)
  A hornet (Lair:5)
  2 slime creatures (Lair:5)
  2 wyverns (D:8)
  2 spriggans (Lair:5)
  2 wraiths
  12 yaks
  A basilisk (D:8)
  2 vampire mosquitoes
  2 water moccasins
  An ice beast (D:13)
  A black bear (Lair:5)
  2 orc warriors
  3 centaurs
  11 wolves
  4 ogres (Orc:2)
  2 bullfrogs (Lair:3)
  2 gnoll sergeants (D:10)
  2 scorpions (Lair:3)
  A wight (D:10)
  A killer bee (D:11)
  An electric eel (Lair:1)
  2 howler monkeys
  2 orc wizards
  An adder (D:4)
  3 gnolls
  2 worms (Lair:3)
  8 orcs
  2 endoplasms
  A giant cockroach (Lair:3)
  A jackal (D:1)
  A kobold (D:7)
  2 quokkas
  A goblin (D:2)
104 creatures vanquished.

Vanquished Creatures (others)
  A hydra (D:15)
  A boulder beetle (D:12)
  A tengu warrior (D:15)
  An orc high priest (Orc:1)
  A manticore (D:12)
  2 ugly thing zombies
  A harpy zombie (D:14)
  A hornet (Lair:5)
  2 yaks
  A skyshark zombie (Lair:5)
  5 two-headed ogre zombies (Orc:2)
  2 cane toad zombies
  An orc warrior (Orc:1)
  A hornet zombie (Lair:5)
  A boggart (Lair:5)
  5 wolves
  3 vampire mosquito zombies (D:13)
  2 spriggan zombies (Lair:5)
  4 water moccasin zombies
  A polar bear zombie (Lair:5)
  19 yak zombies
  10 wolf zombies
  5 centaur zombies
  2 bullfrog zombies
  A boggart zombie (Lair:5)
  An ice beast zombie (D:13)
  19 ogre zombies
  A mummy (Ossuary)
  2 howler monkey zombies (D:8)
  15 orc zombies
  2 orcs
  5 gnoll zombies (D:8)
119 creatures vanquished.

Grand Total: 763 creatures vanquished

Notes
Turn   | Place    | Note
-------+----------+-------------------------------------------
     0 | D:1      | monsoonserge the Demonspawn Necromancer began the quest for
                  | the Orb.
     0 | D:1      | Reached XP level 1. HP: 13/13 MP: 3/3
   157 | D:1      | Gained mutation: You sometimes gain a little power by
                  | taking damage. [demonic ancestry]
   157 | D:1      | Reached XP level 2. HP: 12/19 MP: 0/5
   269 | D:1      | Reached skill level 5 in Necromancy
  1293 | D:2      | Gained mutation: You have a small tail. [demonic ancestry]
  1293 | D:2      | Reached XP level 3. HP: 24/24 MP: 3/6
  1313 | D:2      | Learned a level 3 spell: Vampiric Draining
  1699 | D:2      | Reached skill level 1 in Armour
  1803 | D:3      | Found a shimmering blue altar of Sif Muna.
  1803 | D:3      | Found a hide-covered altar of Uskayaw.
  1804 | D:3      | Found an iron altar of Okawaru.
  1804 | D:3      | Found a burning altar of Makhleb.
  1827 | D:3      | Got the Precepts of the Figure and Oxidation
  1948 | D:3      | Gained mutation: You sometimes gain power by taking damage.
                  | [demonic ancestry]
  1948 | D:3      | Reached XP level 4. HP: 30/30 MP: 8/8
  2436 | D:4      | Noticed Edmund
  2457 | D:4      | Reached skill level 1 in Short Blades
  2457 | D:4      | Gained mutation: You are surrounded by a mild repulsion
                  | field. (EV +2) [demonic ancestry]
  2457 | D:4      | Reached XP level 5. HP: 33/35 MP: 5/9
  2516 | D:4      | Found a sand-covered staircase.
  2545 | D:4      | Noticed an ogre
  2552 | D:4      | Killed an ogre
  2553 | D:4      | Reached skill level 6 in Necromancy
  2553 | D:4      | Reached XP level 6. HP: 21/42 MP: 0/10
  2559 | D:4      | Learned a level 4 spell: Animate Dead
  2568 | Ossuary  | Entered an ossuary
  2661 | Ossuary  | Reached skill level 1 in Fighting
  2745 | Ossuary  | Reached XP level 7. HP: 35/48 MP: 11/11
  3065 | Ossuary  | Reached skill level 5 in Short Blades
  3095 | Ossuary  | Reached XP level 8. HP: 53/56 MP: 6/12
  3486 | D:4      | Killed Edmund
  3582 | D:4      | Found a runed translucent door.
  3583 | D:4      | Noticed Crazy Yiuf
  3836 | D:4      | Found a snail-covered altar of Cheibriados.
  4002 | D:5      | Entered Level 5 of the Dungeon
  4024 | D:5      | Found a staircase to the Ecumenical Temple.
  4033 | Temple   | Entered the Ecumenical Temple
  4338 | D:5      | Reached skill level 1 in Shields
  4762 | D:5      | Found an ancient bone altar of Kikubaaqudgha.
  4781 | D:5      | Gained mutation: You have a tail ending in a sharp stinger.
                  | [demonic ancestry]
  4781 | D:5      | Reached XP level 9. HP: 50/62 MP: 8/13
  4790 | D:5      | Became a worshipper of Kikubaaqudgha
  5285 | D:6      | Reached skill level 7 in Necromancy
  6283 | D:6      | Reached skill level 8 in Necromancy
  6489 | D:6      | Reached * piety under Kikubaaqudgha
  6489 | D:6      | Received a gift from Kikubaaqudgha
  6495 | D:6      | Learned a level 2 spell: Sublimation of Blood
  6843 | D:4      | Killed Crazy Yiuf
  6908 | D:7      | Found a runed translucent gate.
  6908 | D:7      | Found a runed translucent gate.
  6909 | D:7      | Found a runed translucent gate.
  6909 | D:7      | Noticed a troll
  6909 | D:7      | Noticed BiteMe's ghost (novice DsFE)
  6943 | D:7      | Learned a level 2 spell: Blink
  7183 | D:7      | Reached skill level 1 in Translocations
  7225 | D:7      | Reached skill level 9 in Necromancy
  7447 | D:7      | Reached XP level 10. HP: 71/71 MP: 12/14
  8508 | D:8      | Identified the +4 spear "Woxkiril" {antimagic, Dex+3}
  8566 | D:8      | Reached ** piety under Kikubaaqudgha
  8618 | D:8      | Reached skill level 5 in Shields
  8661 | D:8      | Found a staircase to the Lair.
  9510 | D:9      | Reached skill level 1 in Evocations
  9600 | D:9      | Found a stormy altar of Qazlal.
 10010 | D:9      | Gained mutation: You are powered by pain. [demonic
                  | ancestry]
 10010 | D:9      | Reached XP level 11. HP: 77/77 MP: 17/17
 10031 | D:10     | Entered Level 10 of the Dungeon
 10122 | D:10     | Reached *** piety under Kikubaaqudgha
 10122 | D:10     | Received a gift from Kikubaaqudgha
 10327 | D:10     | Noticed a two-headed ogre
 10335 | D:10     | Killed a two-headed ogre
 10336 | D:10     | Reached skill level 10 in Necromancy
 10399 | D:10     | Found a staircase to the Orcish Mines.
 10536 | D:10     | Learned a level 4 spell: Anguish
 10623 | D:10     | Found a basalt altar of Yredelemnul.
 10944 | D:11     | Reached skill level 1 in Long Blades
 10975 | D:11     | Reached skill level 1 in Hexes
 11089 | D:11     | Noticed a two-headed ogre
 11101 | D:11     | Killed a two-headed ogre
 11581 | Lair:1   | Entered Level 1 of the Lair of Beasts
 11581 | Lair:1   | Noticed a boulder beetle
 11601 | Lair:1   | Killed a boulder beetle
 11602 | Lair:1   | Reached skill level 1 in Throwing
 11602 | Lair:1   | Reached skill level 5 in Spellcasting
 11778 | Lair:1   | Reached skill level 5 in Dodging
 12435 | Lair:2   | Reached **** piety under Kikubaaqudgha
 12440 | Lair:2   | Gained mutation: Your demonic aura sometimes causes spilled
                  | blood to erupt in flames. [demonic ancestry]
 12440 | Lair:2   | Reached XP level 12. HP: 77/85 MP: 19/19
 12483 | Lair:2   | Found a staircase to the Swamp.
 12838 | Lair:2   | Reached skill level 11 in Necromancy
 13301 | Lair:3   | Reached skill level 5 in Fighting
 13527 | Lair:3   | Noticed a seven-headed hydra
 13539 | Lair:3   | Killed a seven-headed hydra
 13592 | Lair:3   | Found a hole to the Spider Nest.
 14365 | Lair:4   | Reached skill level 5 in Long Blades
 14531 | Lair:4   | Noticed a death yak
 14536 | Lair:4   | Noticed a death yak
 14536 | Lair:4   | Noticed a death yak
 14536 | Lair:4   | Noticed a death yak
 14538 | Lair:4   | Noticed a death yak
 14546 | Lair:4   | Killed a death yak
 14804 | Lair:4   | Killed a death yak
 14812 | Lair:4   | Killed a death yak
 14815 | Lair:4   | Killed a death yak
 14820 | Lair:4   | Killed a death yak
 14821 | Lair:4   | Reached XP level 13. HP: 35/92 MP: 14/22
 15053 | Lair:5   | Entered Level 5 of the Lair of Beasts
 15355 | Lair:5   | Found a shimmering blue altar of Sif Muna.
 15427 | Lair:5   | Reached ***** piety under Kikubaaqudgha
 15463 | Lair:5   | Found a viscous altar of Jiyva.
 15464 | Lair:5   | Found a staircase to the Slime Pits.
 15775 | Lair:5   | Reached skill level 12 in Necromancy
 16033 | Lair:5   | Found the +8 storm bow {elec, penet}
 16178 | Lair:5   | Reached skill level 5 in Armour
 16255 | Lair:5   | Reached skill level 10 in Shields
 16556 | Lair:5   | Reached skill level 1 in Ranged Weapons
 16921 | Orc:1    | Entered Level 1 of the Orcish Mines
 16970 | Orc:1    | Noticed an ettin
 16979 | Orc:1    | Killed an ettin
 17253 | Orc:1    | Learned a level 5 spell: Borgnjor's Vile Clutch
 17291 | Orc:2    | Entered Level 2 of the Orcish Mines
 17638 | Orc:2    | Found a staircase to the Elven Halls.
 17706 | Orc:2    | Reached ****** piety under Kikubaaqudgha
 17709 | Orc:2    | Reached skill level 1 in Earth Magic
 17714 | Orc:2    | Reached skill level 5 in Ranged Weapons
 17729 | Orc:2    | Gained mutation: Your demonic aura often causes spilled
                  | blood to erupt in flames. [demonic ancestry]
 17729 | Orc:2    | Reached XP level 14. HP: 49/100 MP: 24/24
 17817 | Orc:2    | Found Enuuteh's Distillery.
 17820 | Orc:2    | Found Yva Riyla's Weapon Shoppe.
 17820 | Orc:2    | Found Roatomol's Antique Weapon Boutique.
 17820 | Orc:2    | Found Qowe's Antique Armour Shoppe.
 17830 | Orc:2    | Bought a scorched leather armour for 182 gold pieces
 17830 | Orc:2    | Identified the +0 leather armour "Nyrrih" {Contam rElec
                  | rPois} (You bought it in a shop on level 2 of the Orcish
                  | Mines)
 17830 | Orc:2    | Bought a masterwork scarf for 260 gold pieces
 17830 | Orc:2    | Identified the scarf of the Stone Wall {repulsion, rC++}
                  | (You bought it in a shop on level 2 of the Orcish Mines)
 17847 | Orc:2    | Bought a potion of heal wounds for 70 gold pieces
 18081 | Orc:1    | Paralysed by an orc sorcerer for 2 turns
 18533 | D:12     | Found a shimmering altar of Xom.
 18560 | D:12     | Got the Vellum of the Hawk
 18566 | D:12     | Learned a level 4 spell: Leda's Liquefaction
 18642 | D:12     | Identified the orb "Curoeph" {*Rage, rC+ Int+4 Dex-2}
 18865 | D:12     | Found Qaciruxt's Armour Emporium.
 19727 | D:13     | Found a gate to the Vaults.
 20146 | D:13     | Noticed a frost giant
 20154 | D:13     | Killed a frost giant
 20287 | D:14     | Got the Spellbook of Non-Euclidean Nephomancy
 20290 | D:14     | Identified the +1 pair of gloves of the Unseen Realm {rCorr
                  | Dex-3 SInv}
 20416 | D:14     | Reached skill level 5 in Hexes
 20433 | D:14     | Found an ancient bone altar of Kikubaaqudgha.
 20940 | D:14     | Received a gift from Kikubaaqudgha
 20943 | D:15     | Entered Level 15 of the Dungeon
 20972 | D:15     | Reached skill level 13 in Necromancy
 20991 | D:15     | Reached skill level 10 in Ranged Weapons
 20992 | D:15     | Found a staircase to the Depths.
 21017 | D:15     | Gained mutation: You are surrounded by a moderate repulsion
                  | field. (EV +3) [demonic ancestry]
 21017 | D:15     | Reached XP level 15. HP: 88/105 MP: 26/26
 21112 | D:15     | Identified the ring "Jyositzu" {Ice Int+3}
 21145 | D:15     | Killed from afar by a necromancer

Illustrated notes

Levels and vault maps discovered:
D:1:      lightli_arrival_isolated_outpost, layout_basic
D:2:      layout_rooms, minmay_misc_feat_rugged
D:3:      layout_rooms, grunt_temple_overflow_open, grunt_ministairs_11,
          minmay_fountain_box, serial_bayou_pond_d
D:4:      layout_loops_ring, mainiacjoe_overflow_surrounded_room,
          portal_sewer_entry_f, nicolae_ossuary_entry_false_entrances,
          uniq_edmund, uniq_crazy_yiuf_cottage
D:5:      layout_basic, overflow_temple_1_default, minmay_temple_entry_glass,
          minivault_23
D:6:      layout_loops_corners, serial_bayou_lake_a
D:7:      layout_loops_ring, gammafunk_ghost_split, grunt_tough_drop
D:8:      layout_loops_ring, mainiacjoe_overflow_alcove_4,
          minmay_lair_entry_grove
D:9:      layout_basic, lemuel_coloured_pillars_altar
D:10:     layout_cave_pools, lemuel_round_altar,
          kennysheep_orc_monster_closet_entryway
D:11:     layout_cave_pools, hangedman_abyss_or_decor_stagger
D:12:     layout_irregular_city, serial_shops, shop, xom_teletrap_fun
D:13:     minmay_twisted_water, layout_long_grid, grunt_decor_fettered
D:14:     cheibrodos_wizards_tower, layout_irregular_city,
          kiku_gazebo_garden_becter, hex_tiny, st_stairs_9
D:15:     gammafunk_depths_entry_grave, layout_loops_cross, dreamdust_wasp_nest
Temple:   compressed_dpeg_triangle_lava_temple
Lair:1:   layout_gridlike
Lair:2:   layout_roguey, swamp_mist, grunt_megastairs_4,
          infiniplex_staircase_pool_2, lemuel_fruit_tree
Lair:3:   layout_gridlike, nicolae_spider_entry_non_spiders, grunt_megastairs_3,
          serial_bayou_shore_a
Lair:4:   layout_small_grid
Lair:5:   minmay_lair_end_enchanted_forest, layout_gridlike,
          minmay_slime_entry_pillars, basic_altar, nicolae_quartered_pool_super
Orc:1:    layout_caves
Orc:2:    st_orc_ogre_mass, layout_diamond_mine

Skill      XL: |  1  2  3  4  5  6  7  8  9 10 11 12 13 14 |
---------------+-------------------------------------------+-----
Necromancy     | 5 6 9 10 11 12 13 | 13.0
Armour         | 1 2 3 4 5 |  5.0
Spellcasting   | 3 4 5 6 7 |  7.5
Short Blades   | 1 2 5 7 8 |  8.0
Stealth        | 2 3 |  3.0
Dodging        | 2 3 4 5 6 |  6.7
Fighting       | 1 2 3 4 5 6 |  6.0
Shields        | 2 4 6 7 9 10 | 10.0
Translocations | 1 3 4 |  4.0
Evocations     | 1 |  1.2
Long Blades    | 2 5 6 |  6.3
Hexes          | 3 4 5 |  5.3
Throwing       | 1 |  1.6
Ranged Weapons | 5 10 | 10.2
Earth Magic    | 1 3 |  3.7

Action                     |  1- 3 |  4- 6 |  7- 9 | 10-12 | 13-15 || total
---------------------------+-------+-------+-------+-------+-------++-------
  Melee: Unarmed           |    27 |       |       |       |       ||    27
         Dagger            |    12 |   135 |   574 |   463 |       ||  1184
         Punch             |     1 |     4 |     6 |       |       ||    11
         Tailslap          |     2 |    22 |   104 |   167 |    26 ||   321
         Long sword        |       |       |       |   392 |   160 ||   552
   Fire: Longbow           |       |       |       |       |   456 ||   456
  Throw: Boomerang         |       |       |    10 |    11 |       ||    21
         Dart              |       |       |       |    21 |       ||    21
   Cast: Necrotise         |    57 |    22 |    49 |    12 |     3 ||   143
         Vampiric Draining |       |     3 |    38 |   103 |    54 ||   198
         Animate Dead      |       |       |       |    16 |    21 ||    37
         Anguish           |       |       |       |     5 |    17 ||    22
         Sublimation of Bl |       |       |       |     1 |     5 ||     6
         Blink             |       |       |       |     1 |       ||     1
         Borgnjor's Vile C |       |       |       |       |     1 ||     1
 Invoke: Receive Forbidden |       |       |       |       |     1 ||     1
  Evoke: Wand              |       |       |     1 |       |       ||     1
    Use: Potion            |       |       |     3 |       |     1 ||     4
         Scroll            |       |       |    12 |     6 |     7 ||    25
   Stab: Sleeping          |     1 |     2 |     8 |     4 |     1 ||    16
         Distracted        |       |       |       |     5 |     2 ||     7
 Armour: Leather armour    |    15 |    27 |   109 |   148 |       ||   299
         Troll leather arm |       |       |       |   182 |   148 ||   330
  Dodge: Dodged            |    23 |    79 |   219 |   565 |   348 ||  1234
         Repelled          |       |       |       |       |     6 ||     6
  Block: Kite shield       |       |       |   109 |   448 |   217 ||   774
         Buckler           |       |       |       |   112 |       ||   112
         Other             |       |       |       |       |    30 ||    30
         Reflection        |       |       |       |       |     5 ||     5
